 Dungeon Crawl Stone Soup version 0.25-a0-246-g58704a1ebd (webtiles) character file.

Game seed: 15117475939263706009, levelgen mode: deterministic

157411 Borgoz the Warrior (level 17, 0/113 HPs)
             Began as a Gargoyle Fighter on Dec 3, 2019.
             Was a High Priest of Ashenzari.
             Killed by divine providence
             ... invoked by an orc high priest
              (14 damage)
             ... on level 2 of the Orcish Mines.
             The game lasted 01:33:24 (35572 turns).

Borgoz the Warrior (Gargoyle Fighter)              Turns: 35572, Time: 01:33:24

Health: 0/113      AC: 57    Str: 24    XL:     17   Next: 69%
Magic:  24/24      EV:  7    Int: 10    God:    Ashenzari [*****.]
Gold:   654        SH: 14    Dex: 14    Spells: 21/22 levels left

rFire    + . .     SeeInvis +   a - +3 flail (flame) (curse)
rCold    . . .     Gourm    .   c - +0 shield
rNeg     + . .     Faith    .   T - +5 crystal plate armour (curse)
rPois    ∞         Spirit   .   x - +0 helmet (curse)
rElec    +         Reflect  .   C - +1 cloak
rCorr    .         Harm     .   t - +1 pair of gloves {Dex+3} (curse)
MR       +....     Clarity  +   l - +0 pair of boots (curse)
Stlth    ..........             h - amulet of rage (curse)
HPRegen  0.28/turn              q - +2 ring of slaying
MPRegen  0.19/turn              G - ring "Lumuosaj" {rF+ AC+4}

@: berserk cooldown, flying, slowed, very slow
A: big wings, negative energy resistance 1, electricity resistance, unbreathing,
petrification resistance, rot immunity, AC +12
a: Stop Flying, Curse Item, Scrying, Transfer Knowledge, Renounce Religion,
Evoke Berserk Rage


You were on level 2 of the Orcish Mines.
You worshipped Ashenzari.
Ashenzari was extremely pleased with you.
You were not hungry.

You visited 5 branches of the dungeon, and saw 25 of its levels.
You visited the Abyss 1 time.
You also visited: Ossuary and Volcano.

You collected 2481 gold pieces.
You spent 1827 gold pieces at shops.

Inventory:

Hand Weapons
 a - a cursed +3 flail of flaming (weapon)
Missiles
 M - 3 throwing nets (quivered)
Armour
 b - +1 steam dragon scales
 c - a +0 shield (worn)
 l - a cursed +0 pair of boots (worn)
 t - a cursed +1 pair of gloves of dexterity (worn)
 x - a cursed +0 helmet (worn)
 C - a +1 cloak (worn)
 P - a +3 scale mail of cold resistance
 T - a cursed +5 crystal plate armour (worn)
 Y - a +3 scale mail of fire resistance
Jewellery
 h - a cursed amulet of rage (around neck)
 q - a +2 ring of slaying (left hand)
 G - the ring "Lumuosaj" (right hand) {rF+ AC+4}
   (You bought it in a shop on level 12 of the Dungeon)

   [ring of protection]

   It affects your AC (+4).
   It protects you from fire.
 L - an uncursed ring of magical power
 N - an uncursed ring of ice
 Q - the ring "Feclets" {rF+ Int+3}
   (You took it off a deep elf mage on level 13 of the Dungeon)

   [ring of intelligence]

   It affects your intelligence (+3).
   It protects you from fire.
Wands
 g - a wand of clouds (5)
 m - a wand of polymorph (10)
 y - a wand of digging (25)
 B - a wand of paralysis (21)
 F - a wand of acid (17)
 J - a wand of iceblast (41)
 K - a wand of flame (22)
 S - a wand of disintegration (14)
Scrolls
 j - a scroll of summoning
 o - 2 scrolls of fear
 r - 4 scrolls of teleportation
 s - 4 scrolls of fog
 u - 4 scrolls of blinking
 v - 3 scrolls of magic mapping
 A - a scroll of amnesia
 E - 11 scrolls of remove curse
 O - 3 scrolls of identify
Potions
 d - 2 potions of might
 i - a potion of ambrosia
 n - 10 potions of curing
 p - 2 potions of agility
 w - 2 potions of invisibility
 z - 4 potions of resistance
 D - 5 potions of berserk rage
 H - 2 potions of cancellation
 V - 3 potions of haste
Comestibles
 f - 34 rations


   Skills:
 * Level 15.3 Fighting
 * Level 14.1(17.7) Maces & Flails
 - Level 2.0 Throwing
 * Level 15.3(18.8) Armour
 - Level 1.7 Dodging
 + Level 14.6 Shields
 + Level 3.3 Spellcasting
 + Level 2.2 Hexes
 + Level 9.4 Evocations


You had 21 spell levels left.
You knew the following spells:

 Your Spells              Type           Power        Failure   Level  Hunger
a - Confusing Touch       Hex            #.....       91%         1    #......

Your spell library contained the following spells:

 Spells                   Type           Power        Failure   Level  Hunger
 Animate Skeleton         Necr           N/A          99%         1    #......
 Apportation              Tloc           #.....       99%         1    #......
 Foxfire                  Conj/Fire      #...         99%         1    #......
 Infusion                 Chrm           #...         99%         1    #......
 Pain                     Necr           #...         99%         1    #......
 Sting                    Tmut/Pois      #...         99%         1    #......
 Summon Butterflies       Summ           #.......     99%         1    #......
 Summon Small Mammal      Summ           #...         99%         1    #......
 Poisonous Vapours        Pois/Air       #.....       100%        2    ###....
 Shroud of Golubria       Chrm/Tloc      #.....       100%        2    ###....
 Song of Slaying          Chrm           #.......     100%        2    ###....
 Conjure Flame            Conj/Fire      #.......     100%        3    ###....
 Ignite Poison            Fire/Tmut/Pois #.......     100%        3    ###....
 Inner Flame              Hex/Fire       #.......     100%        3    ###....
 Lesser Beckoning         Tloc           #.........   100%        3    ###....
 Mephitic Cloud           Conj/Pois/Air  #.......     100%        3    ###....
 Regeneration             Chrm/Necr      #.........   100%        3    ###....
 Spectral Weapon          Hex/Chrm       #.......     100%        3    ###....
 Tukima's Dance           Hex            #.......     100%        3    ###....
 Vampiric Draining        Necr           #.........   100%        3    ###....
 Animate Dead             Necr           N/A          100%        4    #####..
 Olgreb's Toxic Radiance  Pois           #.......     100%        4    #####..
 Sticky Flame             Conj/Fire      #.......     100%        4    #####..
 Alistair's Intoxication  Tmut/Pois      #.......     100%        5    ######.
 Bolt of Magma            Conj/Fire/Erth #.........   100%        5    ######.
 Fireball                 Conj/Fire      #.........   100%        5    ######.
 Irradiate                Conj/Tmut      #.........   100%        5    ######.
 Iskenderun's Battlesphe  Conj/Chrm      #.......     100%        5    ######.
 Hydra Form               Tmut           #.........   100%        6    #######
 Invisibility             Hex            #.......     100%        6    #######
 Iron Shot                Conj/Erth      #.........   100%        6    #######
 Dragon Form              Tmut           #.........   100%        7    #######
 Orb of Destruction       Conj           #.........   100%        7    #######
 Spellforged Servitor     Conj/Summ      #.........   100%        7    #######
 Statue Form              Tmut/Erth      Unusable     N/A         6    N/A

Dungeon Overview and Level Annotations

Branches:
Dungeon (15/15)            Temple (1/1) D:7            Lair (6/6) D:10
  Swamp (1/4) Lair:3       Spider (0/4) Lair:4        Slime (0/5) Lair:5
    Orc (2/2) D:9             Elf (0/3) Orc:2        Depths (0/5) D:15
Ossuary (visited)         Volcano (visited)
 Vaults: D:13-14

Altars:
Ashenzari
Cheibriados
Dithmenos
Elyvilon
Fedhas
Gozag
Hepliaklqana
Kikubaaqudgha
Makhleb
Nemelex Xobeh
Okawaru
Qazlal
Ru
Sif Muna
Trog
Uskayaw
Vehumet
Wu Jian
Xom
Yredelemnul
Zin
The Shining One
Jiyva

Shops:
D:6 (   D:8 ?   D:12 =   D:13 =   Orc:1 ?   Orc:2 [(([

Annotations:
D:13 Erolcha
D:15 2 transporters, Fiomipt's ghost, journeyman CeHu


Innate Abilities, Weirdness & Mutations

You are resistant to torment.
Your stone body is resilient. (AC +12)
You are immune to poison.
Your large and strong wings let you fly indefinitely.
You resist negative energy. (rN+)
You are resistant to electric shocks. (rElec)
You can survive without breathing.
You are immune to petrification.
You are immune to rotting.


Message History

* * * LOW HITPOINT WARNING * * *
You sock the ufetubus! You burn the ufetubus.
You kill the ufetubus!
The ufetubus hits you but does no damage. x2
You block the ufetubus's attack. x3
The ufetubus hits you but does no damage. x2
You block the ufetubus's attack. The ufetubus closely misses you.
The ufetubus hits you but does no damage.
The ufetubus barely misses you. x2; The orc high priest barely misses you.
You closely miss the orc high priest. You block the ufetubus's attack. x3
The ufetubus hits you but does no damage. x2
The ufetubus hits you.
* * * LOW HITPOINT WARNING * * *
The ufetubus hits you but does no damage. x3
The ufetubus barely misses you.
The ynoxinul gestures.
The ufetubus hits you but does no damage. x2
The orc high priest invokes the aid of Beogh against you.
Beogh smites you!
You die...

#.....#.............# #.3##....
##.##...............###.##...##
###.......)........##..##..##.
##..#.^.)........##.##...#..
#.....))........##.# ,.....
##.#............##.#*, ....
##......)..3)....##.#####oo.
#.........o53.5....(.(..o)o.
##.........@55...##.#####o3.
#####.#....#...55....##.#
,,44..
##..#....#............##.#
.....
#.....................##.#
...#..
#..............##.....##..##..
#. ......................###.
#..,*# #.#..##...............#
*.,##.,,,
###...................# **, * ,
####......#...........# ** , ,*


You could see an orc high priest, a smoke demon, a ynoxinul and 6 ufetubi.

Vanquished Creatures
  Jorgrun (D:13)
  Gastronok (D:9)
  An orc warlord (Orc:2)
  The ghost of Lycwej the Severer, a journeyman NaWn of Gozag (Lair:6)
  Nessos (D:13)
  A red draconian (Volcano)
  Josephine (Orc:1)
  Harold (Orc:1)
  The ghost of Gitaloheed the Nimble, a journeyman HaEn of Hepliaklqana (D:14)
  10 hydras
  4 catoblepae (Lair:6)
  4 centaur warriors
  14 two-headed ogres
  6 alligators (Swamp:1)
  7 death yaks (Lair:6)
  2 tengu warriors (D:13)
  3 ogre magi
  A vampire mage (D:15)
  A titan zombie (D:14)
  2 orc high priests (Orc:2)
  The ghost of Komil the Gouger, a journeyman FeBe of Trog (Lair:5)
  Sonja (D:11)
  Nergalle (Orc:1)
  A fire crab (Lair:4)
  A spectral yaktaur (D:14)
  7 skeletal warriors
  5 unseen horrors
  The ghost of CasualChangeling the Cleaver, a novice TeFi of Ashenzari (D:5)
  5 orc knights
  A tengu zombie (D:15)
  A lindwurm (Lair:5)
  A wolf spider zombie (D:15)
  2 necromancers
  5 orc sorcerers (Orc:2)
  7 ugly things
  2 deep elf magi (D:13)
  7 cyclopes
  3 manticores
  4 black mambas
  Joseph (D:8)
  12 elephants
  A hellion (D:13)
  3 gargoyles
  4 komodo dragons
  A torpor snail (Lair:4)
  10 spiny frogs
  An efreet (D:15)
  2 freezing wraiths (D:14)
  A rime drake (Lair:4)
  2 spriggan zombies (D:15)
  3 yaktaurs (D:13)
  7 trolls
  A tyrant leech (Swamp:1)
  5 hornets
  A polar bear (Lair:2)
  4 dream sheep (Lair:6)
  17 blink frogs
  7 hippogriffs
  A small abomination (Abyss:3)
  3 spriggans
  3 shadows
  2 wyverns
  2 vampires
  An ice dragon skeleton (D:15)
  5 wraiths
  80 yaks
  5 basilisks
  2 hungry ghosts
  4 wargs
  A steam dragon (D:9)
  13 vampire mosquitoes
  Menkaure (D:4)
  4 swamp worms (Swamp:1)
  A soldier ant (D:11)
  10 water moccasins
  2 porcupines (Lair:5)
  A swamp drake (Lair:3)
  3 ice beasts
  A hornet zombie (D:8)
  21 orc warriors
  A black bear (D:8)
  A necrophage (D:8)
  5 sky beasts
  14 ogres
  5 phantoms
  14 wolves
  A boggart (Lair:6)
  20 centaurs
  13 crocodiles
  3 elf zombies (Ossuary)
  3 big kobolds
  16 bullfrogs
  A wyvern skeleton (D:8)
  2 scorpions
  2 killer bees
  5 howler monkeys
  A bullfrog zombie (D:10)
  7 crimson imps
  A quasit (D:12)
  7 centaur zombies
  7 hounds
  24 orc wizards
  A human zombie (Ossuary)
  3 jellies (D:5)
  10 orc priests
  A bullfrog skeleton (D:6)
  Jessica (D:3)
  7 centaur skeletons
  6 iguanas
  16 worker ants
  Ijyb (D:5)
  Natasha (thrice) (D:2)
  A killer bee zombie (D:8)
  A big kobold zombie (Ossuary)
  4 hound zombies
  2 mummies (Ossuary)
  A howler monkey zombie (D:8)
  A worker ant zombie (D:11)
  3 gnolls (D:5)
  11 adders
  3 shadow imps
  3 oozes (D:5)
  An adder zombie (Ossuary)
  A worm (D:2)
  2 dart slugs
  4 leopard geckos
  88 orcs
  11 giant cockroaches
  4 goblins
  7 hobgoblins
  12 jackals
  3 quokkas
  2 ball pythons
  10 bats
  2 frilled lizards
  17 hobgoblin zombies (Ossuary)
  A jackal zombie (Ossuary)
  20 kobolds
  5 kobold zombies (Ossuary)
  2 leopard gecko skeletons
  6 orc zombies (Ossuary)
  7 rats
  2 rat zombies (Ossuary)
807 creatures vanquished.

Vanquished Creatures (others)
  A two-headed ogre (Volcano)
  A centaur skeleton (D:15)
  An orc wizard (D:3)
  3 jackals (D:9)
  A bush (Lair:4)
  5 fungi
  20 plants
  3 starspawn tentacles (D:13)
  A withered plant (D:15)
36 creatures vanquished.

Grand Total: 843 creatures vanquished

Notes
Turn   | Place    | Note
-------+----------+-------------------------------------------
     0 | D:1      | Borgoz the Gargoyle Fighter began the quest for the Orb.
     0 | D:1      | Reached XP level 1. HP: 14/14 MP: 1/1
   113 | D:1      | Reached XP level 2. HP: 17/19 MP: 2/2
   563 | D:1      | Reached XP level 3. HP: 17/23 MP: 3/3
  1197 | D:2      | Found a blossoming altar of Fedhas.
  1246 | D:2      | Noticed Natasha
  1255 | D:2      | Killed Natasha
  1255 | D:2      | Reached skill level 1 in Evocations
  1255 | D:2      | Reached XP level 4. HP: 26/29 MP: 4/4
  1328 | D:2      | Found a shimmering blue altar of Sif Muna.
  1393 | D:2      | Found a bloodstained altar of Trog.
  1396 | D:2      | Found a white marble altar of Elyvilon.
  1396 | D:2      | Found an iron altar of Okawaru.
  1398 | D:2      | Noticed Natasha
  1410 | D:2      | Killed Natasha
  1628 | D:2      | Noticed Natasha
  1649 | D:2      | Killed Natasha
  1649 | D:2      | Reached XP level 5. HP: 6/33 MP: 5/5
  1931 | D:2      | Found a stormy altar of Qazlal.
  1932 | D:2      | Found a shadowy altar of Dithmenos.
  2203 | D:3      | Reached XP level 6. HP: 27/39 MP: 7/7
  2330 | D:3      | Noticed Jessica
  2352 | D:3      | Killed Jessica
  2519 | D:3      | Found a bloodstained altar of Trog.
  2697 | D:3      | Found a basalt altar of Yredelemnul.
  3082 | D:4      | Noticed a phantom
  3089 | D:4      | Noticed Menkaure
  3104 | D:4      | Killed Menkaure
  3104 | D:4      | Reached XP level 7. HP: 38/44 MP: 8/8
  3365 | D:4      | Reached skill level 5 in Shields
  3387 | D:4      | Reached skill level 5 in Fighting
  3387 | D:4      | Reached skill level 5 in Armour
  3608 | D:4      | Reached skill level 1 in Throwing
  3608 | D:4      | Reached XP level 8. HP: 50/50 MP: 10/10
  3746 | D:5      | Entered Level 5 of the Dungeon
  3891 | D:5      | Noticed Ijyb
  3907 | D:5      | Killed Ijyb
  4029 | D:5      | Found a runed translucent gate.
  4030 | D:5      | Found a runed translucent gate.
  4031 | D:5      | Noticed CasualChangeling's ghost (novice TeFi)
  4031 | D:5      | Found a runed translucent gate.
  4150 | D:5      | Reached skill level 5 in Maces & Flails
  4320 | D:5      | Found a sand-covered staircase.
  4325 | Ossuary  | Entered an ossuary
  4661 | Ossuary  | Reached XP level 9. HP: 51/56 MP: 11/11
  5614 | D:6      | Found a burning altar of Makhleb.
  5614 | D:6      | Noticed an Executioner
  5617 | D:6      | Noticed an orange demon
  5848 | D:6      | Found Okhudghye's Antique Weapon Shoppe.
  6258 | D:7      | Reached XP level 10. HP: 40/64 MP: 13/13
  6411 | D:7      | Found a staircase to the Ecumenical Temple.
  6428 | Temple   | Entered the Ecumenical Temple
  6496 | Temple   | Became a worshipper of Ashenzari the Shackled
  7516 | D:8      | Found Ciqipn's Magic Scroll Shoppe.
  7524 | D:8      | Bought a scroll of teleportation for 42 gold pieces
  7524 | D:8      | Bought a scroll of identify for 28 gold pieces
  7524 | D:8      | Bought a scroll of identify for 28 gold pieces
  7524 | D:8      | Bought a scroll of identify for 28 gold pieces
  7564 | D:8      | Noticed a two-headed ogre
  7830 | D:8      | Killed a two-headed ogre
  8119 | D:8      | Noticed Joseph
  8133 | D:8      | Killed Joseph
  8151 | D:8      | HP: 3/65 [killer bee zombie (4)]
  8503 | D:9      | Reached * piety under Ashenzari
  8608 | D:9      | Reached skill level 5 in Evocations
  8867 | D:8      | Reached XP level 11. HP: 71/71 MP: 14/14
  9593 | D:9      | Found a staircase to the Orcish Mines.
  9594 | D:9      | Noticed Gastronok
  9968 | D:9      | Killed Gastronok
 10808 | Orc:1    | Entered Level 1 of the Orcish Mines
 10863 | D:10     | Entered Level 10 of the Dungeon
 11282 | D:10     | Killed an unseen horror
 11282 | D:10     | Reached skill level 10 in Fighting
 11516 | D:10     | Reached skill level 10 in Armour
 11516 | D:10     | Reached skill level 10 in Shields
 12048 | D:11     | Reached XP level 12. HP: 63/77 MP: 16/16
 12322 | D:10     | Found a staircase to the Lair.
 12552 | D:10     | Reached ** piety under Ashenzari
 12931 | D:11     | Noticed Sonja
 12940 | D:11     | Noticed a seven-headed hydra
 12956 | D:11     | Killed a seven-headed hydra
 12966 | D:11     | Killed Sonja
 13023 | D:11     | Found a runed translucent door.
 13053 | D:11     | Found a runed translucent door.
 14229 | D:12     | Noticed a two-headed ogre
 14239 | D:12     | Killed a two-headed ogre
 14239 | D:12     | Reached skill level 10 in Maces & Flails
 14571 | D:12     | Found Wasusoaq's Jewellery Shoppe.
 14877 | D:12     | Reached XP level 13. HP: 83/84 MP: 17/17
 16027 | D:13     | Noticed Jorgrun
 16046 | D:13     | Killed Jorgrun
 17087 | D:13     | Identified the ring "Feclets" {rF+ Int+3}
 17288 | D:13     | Noticed Nessos
 17512 | D:13     | Killed Nessos
 17600 | D:13     | Noticed Erolcha
 17736 | D:13     | Cast into level 2 of the Abyss (Erolcha)
 17742 | Abyss:2  | Reached *** piety under Ashenzari
 17800 | Abyss:3  | Noticed a tentacled starspawn
 17816 | D:13     | Escaped the Abyss
 18141 | D:12     | Bought the ring "Lumuosaj" {rF+ AC+4} for 700 gold pieces
 18374 | D:5      | Killed CasualChangeling's ghost
 18599 | Lair:1   | Entered Level 1 of the Lair of Beasts
 18644 | Lair:1   | Gained mutation: Your large and strong wings let you fly
                  | indefinitely. [Gargoyle growth]
 18644 | Lair:1   | Reached XP level 14. HP: 62/92 MP: 19/19
 19516 | Lair:1   | Identified the +1 war axe of Ambiguity {drain, rPois rN+
                  | Int+2 Dex-2}
 20285 | Lair:2   | Found a dark tunnel.
 20290 | Volcano  | Entered a volcano
 20322 | Volcano  | Noticed a red draconian
 20323 | Volcano  | Found a burning altar of Makhleb.
 20703 | Volcano  | Killed a red draconian
 21708 | Lair:2   | Reached **** piety under Ashenzari
 22631 | Lair:3   | Found a staircase to the Swamp.
 24398 | Lair:4   | Found a hole to the Spider Nest.
 25490 | Lair:5   | Found a staircase to the Slime Pits.
 25490 | Lair:5   | Found a viscous altar of Jiyva.
 25553 | Lair:5   | Noticed Komil's ghost (journeyman FeBe)
 25555 | Lair:5   | Identified the +9 scimitar of Zaesm {venom, rElec MR++}
 25555 | Lair:5   | Found a runed translucent gate.
 25555 | Lair:5   | Found a runed translucent gate.
 25555 | Lair:5   | Found a runed translucent gate.
 25875 | Lair:6   | Entered Level 6 of the Lair of Beasts
 26215 | Lair:6   | Reached XP level 15. HP: 63/99 MP: 21/21
 26846 | Lair:6   | Found a runed translucent door.
 26849 | Lair:6   | Noticed Lycwej's ghost (journeyman NaWn)
 26850 | Lair:6   | Identified the +12 trident of the Sage {holy, Int+4 Dex+2}
 27510 | Lair:6   | Reached ***** piety under Ashenzari
 28631 | Lair:6   | Killed Lycwej's ghost
 29250 | Lair:5   | Killed Komil's ghost
 29636 | Swamp:1  | Entered Level 1 of the Swamp
 30477 | D:8      | Bought a scroll of enchant armour for 105 gold pieces
 30477 | D:8      | Bought a scroll of summoning for 133 gold pieces
 30477 | D:8      | Bought a scroll of enchant armour for 105 gold pieces
 30477 | D:8      | Bought a scroll of enchant armour for 105 gold pieces
 30477 | D:8      | Bought a scroll of enchant armour for 105 gold pieces
 30696 | D:13     | Found Opusafau's Jewellery Emporium.
 30953 | D:14     | Found a stormy altar of Qazlal.
 30977 | D:14     | Reached skill level 1 in Dodging
 30977 | D:14     | Reached XP level 16. HP: 99/107 MP: 22/22
 31289 | D:14     | Reached XP level 17. HP: 89/112 MP: 23/23
 31476 | D:14     | Found a transporter.
 31482 | D:14     | Noticed Gitaloheed's ghost (journeyman HaEn)
 31495 | D:14     | Found a transporter.
 31797 | D:14     | Found a glowing golden altar of the Shining One.
 32100 | D:14     | Killed Gitaloheed's ghost
 32360 | D:15     | Entered Level 15 of the Dungeon
 32530 | D:15     | Learned a level 1 spell: Confusing Touch
 32872 | D:15     | Found a transporter.
 32872 | D:15     | Noticed Fiomipt's ghost (journeyman CeHu)
 32903 | D:15     | Found a transporter.
 32938 | D:15     | Reached skill level 15 in Fighting
 32942 | D:15     | Reached skill level 1 in Hexes
 32951 | D:15     | Reached skill level 15 in Armour
 33000 | D:15     | Found a staircase to the Depths.
 33670 | D:15     | Noticed an iron giant
 33887 | Orc:1    | Noticed Nergalle
 33910 | Orc:1    | Killed Nergalle
 33921 | Orc:1    | Found Bythiaxt's Magic Scroll Shoppe.
 33943 | Orc:1    | Bought a scroll of teleportation for 42 gold pieces
 33943 | Orc:1    | Bought a scroll of brand weapon for 280 gold pieces
 33943 | Orc:1    | Bought a scroll of identify for 28 gold pieces
 33943 | Orc:1    | Bought a scroll of remove curse for 42 gold pieces
 33943 | Orc:1    | Bought a scroll of identify for 28 gold pieces
 33943 | Orc:1    | Bought a scroll of identify for 28 gold pieces
 34120 | Orc:2    | Entered Level 2 of the Orcish Mines
 34123 | Orc:2    | Noticed Josephine
 34164 | Orc:1    | Killed Josephine
 34269 | Orc:2    | Found a staircase to the Elven Halls.
 34477 | Orc:1    | Noticed Harold
 34492 | Orc:1    | Killed Harold
 34949 | Orc:2    | Found Tiazociz's Antique Armour Shop.
 35548 | Orc:2    | Found Gustrof's Weapon Shop.
 35553 | Orc:2    | Found Daughomui's Antique Armour Emporium.
 35553 | Orc:2    | Found Naofikh's Antique Weapon Emporium.
 35572 | Orc:2    | Killed from afar by an orc high priest

Levels and vault maps discovered:
D:1:      grunt_arrival_crossed_arrows, layout_rooms
D:2:      layout_loops_ring, fedhas_altar_1, gammafunk_temple_overflow_pools,
          grunt_temple_overflow_open, uniq_natasha
D:3:      layout_basic, lemuel_doored_altar, trog_hazing_becter, uniq_jessica
D:4:      layout_cave_pools, serial_bayou_lagoon_a, uniq_menkaure
D:5:      layout_loops_ring, first_ration,
          nicolae_ossuary_entry_false_entrances, gammafunk_ghost_nasty_kobolds,
          uniq_ijyb
D:6:      layout_rooms, serial_shops, shop, makhleb_altar_promises_db
D:7:      layout_loops_ring, minmay_temple_entry_arrows, minmay_puff
D:8:      minmay_s_stair_smasher, layout_basic, serial_shops, shop, uniq_joseph
D:9:      layout_rooms, david_orc_2, uniq_gastronok
D:10:     layout_long_grid, david_lair_generic, blue_anna_alchemist
          [blue_anna_fruit_fields, blue_anna_fruit_fields], minivault_10
D:11:     lemuel_insect_pit, layout_stronghold, uniq_sonja
D:12:     layout_basic, serial_shops, kennysheep_mini, nrook_loot_triangle
D:13:     layout_loops_ring, hangedman_vaults_entry_quadrant_bands,
          serial_shops, kennysheep_mini_moat, uniq_jorgrun, uniq_erolcha,
          uniq_nessos
D:14:     layout_loops_cross, basic_altar, nicolae_tso_swordbearing_angel,
          gammafunk_ghost_mausoleum
D:15:     gammafunk_depths_entry_grave, layout_basic, hangedman_decor_points,
          gammafunk_ghost_arena, lemuel_flame_loot_1
Temple:   nicolae_temple_great_sept
Lair:1:   layout_cave_pods
Lair:2:   layout_cave_pods, enter_volcano_4
Lair:3:   layout_regular_city, minmay_swamp_entry_reptiles
Lair:4:   layout_layer_cave, spider_nest_entry_web_field
Lair:5:   layout_loops_ring, slime_altar_1, gammafunk_ghost_hydra_chop
Lair:6:   evilmike_catoblepas_cave, layout_small_grid,
          ebering_ghost_funeral_grove, nicolae_lair_yak_garden
Swamp:1:  layout_falls_marsh, nicolae_swamp_rocky_clearing
Orc:1:    layout_diamond_mine, serial_shops,
          nicolae_shop_temple_entry_statues_fountains, uniq_harold,
          uniq_nergalle
Orc:2:    st_orc_elflike, layout_diamond_mine, uniq_josephine

Skill      XL: |  1  2  3  4  5  6  7  8  9 10 11 12 13 14 15 16 17 |
---------------+----------------------------------------------------+-----
Evocations     | 1 2 3 4 5 6 7 8 9 |  9.4
Armour         | 4 5 6 7 8 10 11 12 13 14 15 | 15.3
Shields        | 4 5 6 7 8 10 11 12 13 14 | 14.6
Fighting       | 4 5 6 7 9 10 11 12 13 14 15 | 15.3
Maces & Flails | 3 4 5 6 7 9 10 11 12 13 14 | 14.1
Throwing       | 1 2 |  2.0
Dodging        | 1 |  1.7
Spellcasting   | 2 3 |  3.3
Hexes          | 2 |  2.2

Action                   |  1- 3 |  4- 6 |  7- 9 | 10-12 | 13-15 | 16-18 || total
-------------------------+-------+-------+-------+-------+-------+-------++-------
Melee: Flail             |   155 |   176 |   636 |  1222 |  2045 |   903 ||  5137
Throw: Throwing net      |       |       |     1 |     2 |       |       ||     3
Invok: Curse Item        |       |       |       |     2 |     3 |       ||     5
 Abil: Evoke Berserk Rag |     1 |     3 |     7 |    16 |    22 |     8 ||    57
       Fly               |       |       |       |       |     1 |       ||     1
Evoke: Wand              |       |       |       |       |     1 |       ||     1
  Use: Scroll            |     3 |     4 |     1 |    16 |    19 |     6 ||    49
       Potion            |       |     1 |     2 |     3 |    12 |     2 ||    20
 Stab: Confused          |       |       |       |       |     3 |       ||     3
       Sleeping          |       |       |       |       |     2 |       ||     2
       Petrified         |       |       |       |       |     3 |       ||     3
       Petrifying        |       |       |       |       |     2 |       ||     2
  Eat: Chunk             |     2 |     8 |    17 |    47 |    54 |    25 ||   153
       Ration            |       |       |     1 |     1 |     6 |       ||     8
Armor: Scale mail        |    43 |       |       |       |       |       ||    43
       Ring mail         |    55 |    88 |   191 |   308 |       |       ||   642
       Steam dragon scal |       |       |       |   222 |   817 |       ||  1039
       Crystal plate arm |       |       |       |       |   173 |   573 ||   746
Dodge: Dodged            |    74 |    89 |   244 |   576 |   666 |   171 ||  1820
Block: Shield            |   122 |    93 |   296 |   824 |  1361 |   528 ||  3224

Table legend:
 A = Non-vault XP
 B = Vault XP
 C = Vault XP percentage of total XP
 D = Non-vault monster count
 E = Vault monster count
 F = Vault count percentage of total count
                 A         B        C        D         E       F
            +---------+---------+-------+---------+---------+-------
      Total |  114167 |   59217 |  34.2 |     601 |     205 |  25.4
            +---------+---------+-------+---------+---------+-------
        D:1 |      36 |       0 |   0.0 |      21 |       0 |   0.0
        D:2 |     114 |      35 |  23.5 |      14 |       1 |   6.7
        D:3 |     195 |      46 |  19.1 |      22 |       6 |  21.4
        D:4 |     660 |     165 |  20.0 |      16 |       1 |   5.9
        D:5 |    2028 |     821 |  28.8 |      42 |      12 |  22.2
        D:6 |     744 |       0 |   0.0 |      17 |       0 |   0.0
        D:7 |    1193 |     391 |  24.7 |      15 |       5 |  25.0
        D:8 |    2606 |    1195 |  31.4 |      29 |      14 |  32.6
        D:9 |    2967 |    2208 |  42.7 |      22 |       6 |  21.4
       D:10 |    3049 |     863 |  22.1 |      20 |       5 |  20.0
       D:11 |    5787 |    1162 |  16.7 |      33 |      13 |  28.3
       D:12 |    8728 |     112 |   1.3 |      41 |       1 |   2.4
       D:13 |    8984 |    8880 |  49.7 |      34 |      13 |  27.7
       D:14 |   10791 |    4421 |  29.1 |      35 |       9 |  20.5
       D:15 |   12055 |    4676 |  27.9 |      32 |       8 |  20.0
     Lair:1 |    5127 |       0 |   0.0 |      21 |       0 |   0.0
     Lair:2 |    2050 |       0 |   0.0 |      11 |       0 |   0.0
     Lair:3 |    3152 |     254 |   7.5 |      15 |       4 |  21.1
     Lair:4 |    5965 |       0 |   0.0 |      22 |       0 |   0.0
     Lair:5 |   10126 |    2823 |  21.8 |      28 |       3 |   9.7
     Lair:6 |   11067 |   16272 |  59.5 |      43 |      33 |  43.4
    Swamp:1 |    8734 |       0 |   0.0 |      17 |       0 |   0.0
      Orc:1 |     568 |    3206 |  84.9 |      10 |       5 |  33.3
      Orc:2 |    7214 |    5931 |  45.1 |      40 |      20 |  33.3
    Abyss:3 |     227 |       0 |   0.0 |       1 |       0 |   0.0
    Ossuary |       0 |     436 | 100.0 |       0 |      39 | 100.0
    Volcano |       0 |    5320 | 100.0 |       0 |       7 | 100.0
            +---------+---------+-------+---------+---------+-------
